 Dungeon Crawl Stone Soup version 0.31-a0-672-g7da72447bb (webtiles) character file.

Game seed: 10771494703791010986

67 Deathmic the Slasher (level 3, -12/28 HPs)
             Began as a Demonspawn Gladiator on Sept 4, 2023.
             Mangled by Crazy Yiuf
             ... wielding a +4 quarterstaff of chaos
              (13 damage)
             ... on level 2 of the Dungeon.
             The game lasted 00:03:36 (1646 turns).

Deathmic the Slasher (Demonspawn Gladiator)         Turns: 1646, Time: 00:03:37

Health: -12/28     AC:  4    Str: 14    XL:     3   Next: 98%
Magic:  3/3        EV: 12    Int:  9    God:
Gold:   42         SH:  0    Dex: 16    Spells: 2/2 levels left

rFire   . . .        a - +0 long sword
rCold   . . .        (no shield)
rNeg    . . .        b - +0 leather armour
rPois   .            c - +0 helmet
rElec   .            (no cloak)
rCorr   .            (no gloves)
SInv    .            (no boots)
Will    .....        (no amulet)
Stlth   +            (no ring)
HPRegen 0.24/turn    (no ring)
MPRegen 0.08/turn

%: no passive effects
@: confused
A: demonic magic 1
a: no special abilities


You were on level 2 of the Dungeon.
You visited 1 branch of the dungeon, and saw 2 of its levels.

You collected 42 gold pieces.

Inventory:

Hand Weapons
 a - a +0 long sword (weapon)
Missiles
 d - 2 throwing nets (quivered)
 e - a javelin
Armour
 b - a +0 leather armour (worn)
 c - a +0 helmet (worn)
Scrolls
 f - a scroll of teleportation {unknown}
 g - a scroll of identify {unknown}
 i - a scroll of enchant armour {unknown}
 k - a scroll of immolation {unknown}
Potions
 h - a potion of curing {unknown}
 j - 2 potions of haste {unknown}
 l - a potion of might {unknown}


   Skills:
 + Level 2.6 Fighting
 + Level 3.2 Long Blades
 + Level 2.4 Throwing
 + Level 3.2 Dodging


You had 2 spell levels left.
You didn't know any spells.
Your spell library contained the following spells:

 Spells                   Type           Power      Damage    Failure   Level
 Summon Guardian Golem    Hex/Summ       0%         N/A       83%         3
 Orb of Destruction       Conj           0%         9d5       100%        7
 Spellforged Servitor     Conj/Summ      0%         N/A       100%        7


Dungeon Overview and Level Annotations

Branches:
Dungeon (2/15)

Altars:
Wu Jian

Annotations:
D:2 Crazy Yiuf


Innate Abilities, Weirdness & Mutations

Spells you cast may paralyse adjacent enemies.


Message History

You are too injured to fight recklessly!
You are too injured to fight recklessly!
You are too injured to fight recklessly!
You hit the quokka.
You kill the quokka!
Found a robe.
You see here a +0 pair of boots.
You see here a +0 dagger.
You open the door.
There is an open door here.
Found a hammer.
You see here a +0 hammer.
Found three hammers.
Found a runed translucent door.
Found a hammer.
Crazy Yiuf shouts!
You see here a +0 hammer.
Found two hammers.
Sorry, you're not good enough to have a special ability.
Unknown command.
You open the door. You closely miss Crazy Yiuf.
Crazy Yiuf completely misses you.
You slash Crazy Yiuf!
Crazy Yiuf is moderately wounded.
Crazy Yiuf hits you but does no damage.
Crazy Yiuf hits you with a +4 quarterstaff of chaos.
Crazy Yiuf freezes you.
You barely miss Crazy Yiuf.
Crazy Yiuf is moderately wounded.
Crazy Yiuf grits, "Dawk!
Spliff cloud spinner."
Crazy Yiuf closely misses you.
You barely miss Crazy Yiuf.
Crazy Yiuf is moderately wounded.
Crazy Yiuf hits you with a +4 quarterstaff of chaos!
You are confused.
You bump into the tree.
Crazy Yiuf hits you with a +4 quarterstaff of chaos!
Ouch! That really hurt!
* * * LOW HITPOINT WARNING * * *
You convulse!
You die...

#####.######
#..##.##....
#..##.##.### #####
#..##.##.# #).)#
#..'..##.# #.).#
#..##.##.# # )).
#..##.##.# # #g#
#..##.##.# # ♣♣@♣
#####....### ♣.♣♣
#....... ♣♣)♣
#.####.. ♣.♣♣ #.#
#.# ♣♣)♣♣ ### #.#
#.. ♣...♣♣ #.# #.#
#.# ♣....♣ #.#
#.####.# #....#
#.###.......
##..#####.##.......#


You could see Crazy Yiuf.

Vanquished Creatures
  3 adders (D:2)
  2 dart slugs (D:2)
  2 endoplasms (D:1)
  2 giant cockroaches (D:1)
  4 goblins
  2 hobgoblins (D:2)
  5 quokkas (D:2)
  6 ball pythons
  3 bats
  2 frilled lizards
  2 kobolds
  A rat (D:2)
34 creatures vanquished.

Notes
Turn   | Place    | Note
-------+----------+-------------------------------------------
     0 | D:1      | Deathmic the Demonspawn Gladiator began the quest for the
                  | Orb.
     0 | D:1      | Reached XP level 1. HP: 16/16 MP: 1/1
   424 | D:1      | Gained mutation: Spells you cast may paralyse adjacent
                  | enemies. [demonic ancestry]
   424 | D:1      | Reached XP level 2. HP: 22/22 MP: 2/2
   935 | D:2      | Found an ornate altar of the Wu Jian Council.
   959 | D:2      | Reached XP level 3. HP: 28/28 MP: 3/3
  1637 | D:2      | Found a runed translucent door.
  1638 | D:2      | Noticed Crazy Yiuf
  1646 | D:2      | HP: 1/28 [Crazy Yiuf/+4 quarterstaff of chaos (16)]
  1646 | D:2      | Mangled by Crazy Yiuf

Illustrated notes

Levels and vault maps discovered:
D:1:      noname_arrival_rooms_in_the_neighbourhood, layout_loops_cross,
          st_stairs_3, minmay_cut_off
D:2:      wad_woods_stonehenge, layout_basic, uniq_crazy_yiuf_cottage

Skill      XL: |  1  2 |
---------------+-------+-----
Throwing       | 2 |  2.4
Long Blades    | 3 |  3.2
Dodging        | 3 |  3.2
Fighting       | |  2.6

Action                     || total
---------------------------++-------
  Melee: Long sword        ||   123
         Punch             ||     1
  Throw: Throwing net      ||     1
 Armour: Leather armour    ||    67
  Dodge: Dodged            ||    79

Table legend: (Time is in decaauts)
 A = Elapsed time spent in this place.
 B = Non-inter-level travel time spent in this place.
 C = Inter-level travel time spent in this place.
 D = Time resting spent in this place.
 E = Time spent auto-exploring this place.
 F = Levels seen in this place.
 G = Mean time per level.
                   A        B        C        D        E       F      G
               +--------+--------+--------+--------+--------+-----+--------+
         Total |   1679 |   1631 |     48 |     35 |   1255 |   2 |  839.5 |
       Dungeon |   1679 |   1631 |     48 |     35 |   1255 |   2 |  839.5 |
               +--------+--------+--------+--------+--------+-----+--------+

Top non-repeatable levels by time:
     D:2: 947 daAuts
     D:1: 732 daAuts
